 Dungeon Crawl Stone Soup version 0.28.0-53-g5a82cb258f (webtiles) character file.

Game seed: 8124364190294307309

5516 PhantomBowie the Slinger (level 10, -2/66 HPs)
             Began as a Gnoll Wanderer on June 15, 2022.
             Was a Believer of Hepliaklqana.
             Slain by a wyvern (6 damage)
             ... on level 8 of the Dungeon.
             The game lasted 00:49:30 (13069 turns).

PhantomBowie the Slinger (Gnoll Wanderer)          Turns: 13069, Time: 00:49:31

Health: -2/66      AC: 15    Str: 15    XL:     10   Next: 70%
Magic:  6/6        EV:  6    Int: 17    God:    Hepliaklqana [**....]
Gold:   529        SH:  0    Dex: 12    Spells: 20/21 levels left

rFire   . . .      SeeInvis +   J - +10 broad axe of Makhleb's Grace {antimagic, Int+5}
rCold   . . .      Faith    .   (no shield)
rNeg    + . .      Spirit   .   K - +0 plate armour
rPois   .          Reflect  .   t - +0 helmet
rElec   .          Harm     .   v - scarf {repulsion}
rCorr   .          Rampage  .   G - +0 pair of gloves
Will    .....                   (no boots)
Stlth   ..........              k - amulet of magic regeneration
HPRegen 0.21/turn               B - ring of positive energy
MPRegen 0.50/turn               z - ring of see invisible

@: repel missiles
A: reduced essence, fangs 1, strong nose, distributed training
a: Renounce Religion, Recall Ancestor, Ancestor Identity


You were on level 8 of the Dungeon.
You worshipped Hepliaklqana.
Hepliaklqana was pleased with you.
You visited 2 branches of the dungeon, and saw 9 of its levels.
You also visited: Bailey.

You collected 529 gold pieces.

Inventory:

Hand Weapons
 a - a +2 hunting sling
 j - a +2 dagger of venom
 E - the +10 rapier of Beyond {flame, rCorr}
   (You found it on level 5 of the Dungeon)

   It burns those it strikes, dealing additional fire damage.
   rCorr:     It protects you from acid and corrosion.
 H - a +4 halberd of freezing
 J - the +10 broad axe of Makhleb's Grace (weapon) {antimagic, Int+5}
   (You found it in a bailey)

   It reduces the magical energy of the wielder, and disrupts the spells and
   magical abilities of those it strikes.
   Natural abilities and divine invocations are not affected.
   Int:       It affects your intelligence (+5).
Missiles
 b - 81 sling bullets
 d - 70 stones
 u - 8 poisoned darts
 C - 23 javelins (quivered)
 I - 3 throwing nets
Armour
 t - a +0 helmet (worn)
 v - a scarf of repulsion (worn)
 G - a +0 pair of gloves (worn)
 K - a +0 plate armour (worn)
Jewellery
 k - an amulet of magic regeneration (around neck)
 w - a ring of protection from cold
 z - a ring of see invisible (right hand)
 B - a ring of positive energy (left hand)
 D - a ring of poison resistance
Wands
 y - a wand of acid (12)
Scrolls
 e - 3 scrolls of noise
 f - 2 scrolls of enchant armour
 g - a scroll of torment {unknown}
 h - a scroll of immolation {unknown}
 i - a scroll of magic mapping {unknown}
 l - a scroll of enchant weapon
 n - 2 scrolls of fog
 p - 2 scrolls of blinking {unknown}
 q - 2 scrolls of holy word
 A - 3 scrolls of fear {unknown}
 F - 2 scrolls of acquirement
Potions
 c - a potion of curing
 m - a potion of cancellation {unknown}
 o - a potion of mutation {unknown}
 r - a potion of heal wounds
 s - a potion of lignification {unknown}
 x - 2 potions of flight
 L - a potion of haste {unknown}


   Skills:
 + Level 5.5 Fighting
 + Level 5.5 Short Blades
 + Level 5.5 Long Blades
 + Level 5.5 Axes
 + Level 5.5 Maces & Flails
 + Level 5.5 Polearms
 + Level 5.5 Staves
 + Level 8.7 Slings
 + Level 5.5 Bows
 + Level 5.5 Crossbows
 + Level 6.1 Throwing
 + Level 7.2 Armour
 + Level 6.1 Dodging
 + Level 5.5 Stealth
 + Level 5.5 Shields
 + Level 5.5 Unarmed Combat
 + Level 6.2 Spellcasting
 + Level 4.5 Conjurations
 + Level 4.5 Hexes
 + Level 4.5 Summonings
 + Level 4.5 Necromancy
 + Level 4.5 Translocations
 + Level 4.5 Transmutations
 + Level 4.5 Fire Magic
 + Level 4.5 Ice Magic
 + Level 4.5 Air Magic
 + Level 6.0 Earth Magic
 + Level 4.5 Poison Magic
 + Level 6.1 Invocations
 + Level 5.5 Evocations


You had 20 spell levels left.
You knew the following spells:

 Your Spells              Type           Power      Damage    Failure   Level
a - Sandblast             Erth           50%        2d12      45%         1

Your spell library contained the following spells:

 Spells                   Type           Power      Damage    Failure   Level
 Blink                    Tloc           40%        N/A       82%         2
 Stone Arrow              Conj/Erth      46%        3d9       91%         3
 Confusing Touch          Hex            20%        N/A       96%         3
 Manifold Assault         Tloc           20%        N/A       100%        5
 Yara's Violent Unravell  Hex/Tmut       10%        3d6       100%        5
 Enfeeble                 Hex            10%        N/A       100%        7
 Storm Form               Tmut/Air       10%        N/A       100%        7


Dungeon Overview and Level Annotations

Branches:
Dungeon (8/15)             Temple (1/1) D:4          Bailey (visited)
   Lair: D:8-11

Altars:
Ashenzari
Cheibriados
Dithmenos
Elyvilon
Fedhas
Gozag
Hepliaklqana
Kikubaaqudgha
Makhleb
Nemelex Xobeh
Okawaru
Qazlal
Ru
Sif Muna
Trog
Uskayaw
Vehumet
Wu Jian
Xom
Yredelemnul
Zin
The Shining One

Annotations:
D:3 1 runed translucent door, Valamore's ghost, amateur GrFi


Innate Abilities, Weirdness & Mutations

Your life essence is reduced to manifest your ancestor. (-10% HP)
You have very sharp teeth.
Your uncanny sense of smell can sniff out nearby items.
Your experience applies equally to all skills.


Message History

The howler monkey hits you but does no damage.
The water moccasin bites you.
You are more poisoned.
The water moccasin poisons you!
You slash the howler monkey!
The howler monkey is almost dead.
You slash the water moccasin!
You feel extremely sick.
The water moccasin bites you but does no damage.
The howler monkey hits you but does no damage.
You slash the howler monkey!
You kill the howler monkey!
You hit the water moccasin.
* * * LOW HITPOINT WARNING * * *
You feel extremely sick.
The water moccasin bites you but does no damage.
The water moccasin bites you!
* * * LOW HITPOINT WARNING * * *
You are more poisoned.
The water moccasin poisons you!
* * * LOW HITPOINT WARNING * * *
You feel extremely sick.
Msizi closely misses the water moccasin.
The water moccasin bites you but does no damage.
Items here: ! ( ) [ †.
You feel better. The water moccasin bites you.
* * * LOW HITPOINT WARNING * * *
The wyvern zombie bites you.
* * * LOW HITPOINT WARNING * * *
Msizi hits the water moccasin with a +0 flail!
The water moccasin dies!
You completely miss the wyvern zombie.
The bullfrog snags a nearby centipede with its tongue.
The wyvern zombie bites you.
* * * LOW HITPOINT WARNING * * *
The wyvern barely misses you.
The wyvern zombie bites you but does no damage.
You barely miss the wyvern zombie. You barely miss the wyvern.
The wyvern bites you.
You die...

.....#.......... ..Z..
..........#.#..###.#..##
................(........
....................#####
...................##:..#
............#...##.#Y)$..
....##....#.#......#lZ.)$
#...##....#.#..#Z#.#oYZ(.
..............##@###'KF.#
......<.))....#.RlDo###+
.........()...##.###'##(.
........)(.....#####.$##.
..................#((.?#.
............##..#.'$!..#.
.......#..#.##..#.##..##.
..........#.##.....####..
......>#..#|##..........#


You could see the friendly Msizi the knight, a yak, 2 orc warriors, 2 wyverns,
an acid dragon, a sky beast (invisible), a kobold brigand, a bullfrog, a wyvern
zombie (ally target), a hornet zombie and a centaur zombie.

Vanquished Creatures
  A hydra (D:8)
  A wyvern (D:7)
  An ice beast (D:7)
  6 ogres
  2 orc warriors (Bailey)
  A black bear (D:2)
  A necrophage (D:6)
  4 centaurs
  A phantom (D:4)
  A kobold brigand (D:8)
  A bullfrog (D:7)
  2 scorpions (D:5)
  A water moccasin skeleton (D:4)
  A killer bee (D:8)
  5 wights
  2 howler monkeys
  A centaur zombie (D:7)
  2 jellies
  An orc priest (D:6)
  4 bullfrog skeletons
  3 centaur skeletons
  A gnoll shaman (D:7)
  Jessica (D:3)
  6 orc wizards
  2 iguanas
  A killer bee zombie (D:8)
  2 hound skeletons (D:4)
  A howler monkey zombie (D:5)
  10 gnolls
  8 adders
  A shadow imp (D:6)
  4 white imps
  An adder zombie (D:3)
  2 worms (D:2)
  A dart slug (D:1)
  35 orcs
  5 endoplasms
  8 giant cockroaches
  9 hobgoblins
  2 jackals (D:3)
  11 kobolds
  3 quokkas
  8 ball pythons
  7 bats
  2 frilled lizards (D:1)
  8 goblins
  5 rats
186 creatures vanquished.

Vanquished Creatures (collateral kills)
  A water moccasin (D:8)
  2 ice beasts
  6 orc warriors (Bailey)
  8 centaurs (Bailey)
  A bullfrog (D:7)
  A gnoll sergeant (D:6)
  2 killer bees (D:8)
  A wight (D:7)
  A centaur skeleton (D:6)
  An orc wizard (D:7)
  A killer bee zombie (D:8)
  18 orcs (Bailey)
  2 kobolds (D:8)
45 creatures vanquished.

Vanquished Creatures (others)
  3 knights
  3 ancestors
6 creatures vanquished.

Grand Total: 237 creatures vanquished

Notes
Turn   | Place    | Note
-------+----------+-------------------------------------------
     0 | D:1      | PhantomBowie the Gnoll Wanderer began the quest for the
                  | Orb.
     0 | D:1      | PhantomBowie set off with the following items: a +2 hunting
                  | sling, 20 sling bullets, a +0 scale mail, 32 stones; and
                  | the following spell memorised: Sandblast; and the following
                  | spells available to memorise: Stone Arrow
     0 | D:1      | Reached XP level 1. HP: 13/13 MP: 4/4
    67 | D:1      | Reached XP level 2. HP: 15/19 MP: 5/5
   437 | D:1      | Reached XP level 3. HP: 25/25 MP: 7/7
   669 | D:2      | Reached skill level 1 in Invocations
   986 | D:2      | Reached skill level 1 in Fighting
   986 | D:2      | Reached skill level 1 in Short Blades
   986 | D:2      | Reached skill level 1 in Long Blades
   986 | D:2      | Reached skill level 1 in Axes
   986 | D:2      | Reached skill level 1 in Maces & Flails
   986 | D:2      | Reached skill level 1 in Polearms
   986 | D:2      | Reached skill level 1 in Staves
   986 | D:2      | Reached skill level 1 in Bows
   986 | D:2      | Reached skill level 1 in Crossbows
   986 | D:2      | Reached skill level 1 in Stealth
   986 | D:2      | Reached skill level 1 in Shields
   986 | D:2      | Reached skill level 1 in Unarmed Combat
   986 | D:2      | Reached skill level 1 in Evocations
  1104 | D:2      | Found a faded altar of an unknown god.
  1218 | D:2      | Reached XP level 4. HP: 32/32 MP: 8/8
  1814 | D:3      | Reached skill level 1 in Conjurations
  1814 | D:3      | Reached skill level 1 in Hexes
  1814 | D:3      | Reached skill level 1 in Summonings
  1814 | D:3      | Reached skill level 1 in Necromancy
  1814 | D:3      | Reached skill level 1 in Translocations
  1814 | D:3      | Reached skill level 1 in Transmutations
  1814 | D:3      | Reached skill level 1 in Fire Magic
  1814 | D:3      | Reached skill level 1 in Ice Magic
  1814 | D:3      | Reached skill level 1 in Air Magic
  1814 | D:3      | Reached skill level 1 in Poison Magic
  1876 | D:3      | Reached XP level 5. HP: 18/37 MP: 9/9
  2450 | D:3      | Noticed a black bear
  2462 | D:2      | Killed a black bear
  2463 | D:2      | Reached XP level 6. HP: 27/44 MP: 10/10
  2646 | D:3      | Noticed Jessica
  2650 | D:3      | Killed Jessica
  2892 | D:3      | Found a runed translucent door.
  2892 | D:3      | Noticed Valamore's ghost (amateur GrFi)
  3240 | D:4      | Reached skill level 5 in Armour
  4270 | D:4      | Reached XP level 7. HP: 50/50 MP: 12/12
  4423 | D:4      | Reached skill level 7 in Slings
  4606 | D:4      | Found a staircase to the Ecumenical Temple.
  4616 | Temple   | Entered the Ecumenical Temple
  4717 | Temple   | Became a worshipper of Hepliaklqana the Forgotten
  5314 | D:5      | Entered Level 5 of the Dungeon
  5411 | D:5      | Reached XP level 8. HP: 30/57 MP: 14/14
  6614 | D:5      | Identified the +10 rapier of Beyond {flame, rCorr}
  6885 | D:6      | Reached * piety under Hepliaklqana
  8274 | D:6      | Reached XP level 9. HP: 58/58 MP: 16/16
  8317 | D:6      | Reached skill level 5 in Earth Magic
  8838 | D:7      | Found a stormy altar of Qazlal.
  8838 | D:7      | Found a broken altar of Ashenzari.
  8845 | D:7      | Found an ancient bone altar of Kikubaaqudgha.
  8847 | D:7      | Found a shadowy altar of Dithmenos.
  8849 | D:7      | Found a faded altar of an unknown god.
  9052 | D:7      | Reached skill level 5 in Spellcasting
  9269 | D:7      | Reached skill level 5 in Throwing
  9269 | D:7      | Reached skill level 5 in Dodging
  9823 | D:7      | Reached skill level 8 in Slings
 10020 | D:7      | Reached ** piety under Hepliaklqana
 10021 | D:7      | Remembered your ancestor Msizi as a knight
 10211 | D:7      | Reached skill level 5 in Invocations
 10434 | D:8      | Noticed an eight-headed hydra
 10444 | D:8      | Killed an eight-headed hydra
 10445 | D:8      | Reached XP level 10. HP: 18/65 MP: 18/18
 10723 | D:8      | Found a flagged portal.
 10734 | Bailey   | Entered a bailey
 10759 | Bailey   | Reached skill level 5 in Fighting
 10759 | Bailey   | Reached skill level 5 in Short Blades
 10759 | Bailey   | Reached skill level 5 in Long Blades
 10759 | Bailey   | Reached skill level 5 in Axes
 10759 | Bailey   | Reached skill level 5 in Maces & Flails
 10759 | Bailey   | Reached skill level 5 in Polearms
 10759 | Bailey   | Reached skill level 5 in Staves
 10759 | Bailey   | Reached skill level 5 in Bows
 10759 | Bailey   | Reached skill level 5 in Crossbows
 10759 | Bailey   | Reached skill level 5 in Stealth
 10759 | Bailey   | Reached skill level 5 in Shields
 10759 | Bailey   | Reached skill level 5 in Unarmed Combat
 10759 | Bailey   | Reached skill level 5 in Evocations
 12683 | Bailey   | Identified the +10 broad axe of Makhleb's Grace {antimagic,
                  | Int+5}
 13069 | D:8      | Slain by a wyvern

Illustrated notes

Levels and vault maps discovered:
D:1:      dpeg_arrival_arbitrary_c, layout_rooms
D:2:      layout_loops_ring, nicolae_ecumenical_lake_church, minmay_distorted
D:3:      layout_basic, gammafunk_ghost_grave, grunt_ministairs_1, wad_orctagon,
          uniq_jessica
D:4:      layout_basic, minmay_temple_entry_overgrown, kennysheep_generic_room_8
D:5:      layout_layer_cave
D:6:      layout_basic, hangedman_decor_growths, interstate_on_off,
          amcnicky_mini_pool_small, kennysheep_path_1
D:7:      layout_gridville, chequers_temple_overflow_minitemple,
          hangedman_abyss_or_decor_passed
D:8:      layout_basic, gammafunk_ghost_smash, enter_bailey_2,
          minmay_joined_circles
Temple:   mainiacjoe_temple_coin_purse

Skill      XL: |  1  2  3  4  5  6  7  8  9 10 |
---------------+-------------------------------+-----
Invocations    | 1 2 3 4 5 6 |  6.1
Fighting       | 1 2 3 4 5 |  5.5
Short Blades   | 1 2 3 4 5 |  5.5
Long Blades    | 1 2 3 4 5 |  5.5
Axes           | 1 2 3 4 5 |  5.5
Maces & Flails | 1 2 3 4 5 |  5.5
Polearms       | 1 2 3 4 5 |  5.5
Staves         | 1 2 3 4 5 |  5.5
Bows           | 1 2 3 4 5 |  5.5
Crossbows      | 1 2 3 4 5 |  5.5
Stealth        | 1 2 3 4 5 |  5.5
Shields        | 1 2 3 4 5 |  5.5
Unarmed Combat | 1 2 3 4 5 |  5.5
Evocations     | 1 2 3 4 5 |  5.5
Spellcasting   | 3 4 5 6 |  6.2
Conjurations   | 1 2 3 4 |  4.5
Hexes          | 1 2 3 4 |  4.5
Summonings     | 1 2 3 4 |  4.5
Necromancy     | 1 2 3 4 |  4.5
Translocations | 1 2 3 4 |  4.5
Transmutations | 1 2 3 4 |  4.5
Fire Magic     | 1 2 3 4 |  4.5
Ice Magic      | 1 2 3 4 |  4.5
Air Magic      | 1 2 3 4 |  4.5
Poison Magic   | 1 2 3 4 |  4.5
Throwing       | 3 4 5 6 |  6.1
Dodging        | 3 4 5 6 |  6.1
Earth Magic    | 4 5 6 |  6.0
Armour         | 5 6 7 |  7.2
Slings         | 7 8 |  8.7

Action                   |  1- 3 |  4- 6 |  7- 9 | 10-12 || total
-------------------------+-------+-------+-------+-------++-------
Melee: Club              |    15 |       |       |       ||    15
       Dagger            |    61 |   163 |   160 |       ||   384
       Bite              |    10 |    14 |    42 |     7 ||    73
       Punch             |       |     4 |     6 |     4 ||    14
       Rapier            |       |       |   103 |    56 ||   159
       Broad axe         |       |       |       |    18 ||    18
 Fire: Hunting sling     |    48 |       |       |       ||    48
 Cast: Sandblast         |       |    23 |    71 |     7 ||   101
Invok: Ancestor Life: Kn |       |       |     1 |       ||     1
       Ancestor Identity |       |       |     1 |       ||     1
  Use: Scroll            |       |       |     8 |       ||     8
       Potion            |       |       |     1 |     1 ||     2
 Stab: Distracted        |       |       |     2 |       ||     2
Armor: Scale mail        |    40 |    63 |     3 |       ||   106
       Ring mail         |       |       |    73 |       ||    73
       Chain mail        |       |       |    49 |    48 ||    97
       Plate armour      |       |       |       |    53 ||    53
Dodge: Dodged            |    36 |    71 |   138 |    90 ||   335
       Repelled          |       |       |     4 |     1 ||     5
